 Dungeon Crawl Stone Soup version 0.31-a0-325-g067879e3d3 (webtiles) character file.

Game seed: 408131261127741967

86 cforsyth the Changeling (level 4, -1/51 HPs)
             Began as a Vampire Shapeshifter on July 18, 2023.
             Slain by Grinder (6 damage)
             ... on level 3 of the Dungeon.
             The game lasted 00:03:29 (1544 turns).

cforsyth the Changeling (Vampire Shapeshifter)      Turns: 1544, Time: 00:03:30

Health: -1/51      AC: 22    Str: 16    XL:     4   Next: 27%
Magic:  4/4        EV:  2    Int: 10    God:
Gold:   109        SH:  0    Dex: 14    Spells: 3/3 levels left

rFire   . .          .
                       - Unarmed
rCold   . . .        (no shield)
rNeg    . . .        a - melded +0 animal skin
rPois   +            (helmet currently unavailable)
rElec   .            (cloak currently unavailable)
rCorr   .            (gloves currently unavailable)
SInv    +            (boots currently unavailable)
Will    .....        l - amulet of the acrobat
Stlth   +            (no ring)
HPRegen 0.48/turn    (no ring)
MPRegen 0.09/turn

%: acrobat
@: tree-form, healing quickly
A: stationary, stasis, torment immunity, boosted hp, alive, (fangs 3), see
invisible, vampiric 2
a: Exsanguinate


You were on level 3 of the Dungeon.
You were a tree.
You visited 1 branch of the dungeon, and saw 3 of its levels.

You collected 109 gold pieces.

Inventory:

Missiles
 o - 2 throwing nets
Armour
 a - a +0 animal skin (melded)
Jewellery
 l - an amulet of the acrobat (around neck)
 m - a ring of fire
 q - a ring of protection from fire
Talismans
 c - a beast talisman
Scrolls
 d - a scroll of enchant weapon {unknown}
 e - a scroll of vulnerability {unknown}
 h - 2 scrolls of identify {unknown}
 i - 2 scrolls of fear {unknown}
 k - 2 scrolls of immolation {unknown}
 r - a scroll of fog {unknown}
 t - a scroll of noise {unknown}
 u - a scroll of blinking {unknown}
Potions
 f - 2 potions of resistance {unknown}
 g - a potion of ambrosia {unknown}
 j - a potion of attraction {unknown}
 n - 4 potions of heal wounds {unknown}
 p - a potion of brilliance {unknown}
 s - a potion of curing {unknown}


   Skills:
 + Level 2.5 Fighting
 + Level 3.1 Dodging
 + Level 3.1 Unarmed Combat
 + Level 3.9 Shapeshifting


You had 3 spell levels left.
You didn't know any spells.
Your spell library was empty.

Dungeon Overview and Level Annotations

Branches:
Dungeon (3/15)

Altars:

Annotations:
D:3 Grinder


Innate Abilities, Weirdness & Mutations

You are a tree.
Your roots penetrate the ground, keeping you stationary.
You cannot be teleported.
You are immune to unholy pain and torment.
Your maximum health is greatly increased.
Your equipment is partially melded.
Your natural rate of healing is accelerated.
((You have razor-sharp teeth.))
You have supernaturally acute eyesight. (SInv)
You are afflicted with vampirism and can become a bat while bloodless.


Message History

Grinder is nearby!
Grinder is nearby!
Grinder is nearby!
Grinder is nearby!
Grinder is nearby!
Grinder is nearby!
You closely miss Grinder.
Grinder is lightly wounded.
Grinder hits you but does no damage.
You hit Grinder.
Grinder is lightly wounded.
You hit Grinder. You punch Grinder.
Grinder is moderately wounded.
Grinder hits you but does no damage.
You closely miss Grinder.
Grinder is moderately wounded.
Grinder hits you.
* * * LOW HITPOINT WARNING * * *
You writhe in agony.
* * * LOW HITPOINT WARNING * * *
You barely miss Grinder.
Grinder is moderately wounded.
Grinder hits you but does no damage.
You smack Grinder!
Grinder is heavily wounded.
Grinder gestures at you.
You suddenly lose the ability to move!
Grinder completely misses you. Grinder hits you but does no damage.
Grinder hits you!
* * * LOW HITPOINT WARNING * * *
You writhe in agony.
* * * LOW HITPOINT WARNING * * *
Grinder hits you but does no damage. x2
You can move again.
Unknown command.
You smack Grinder!
Grinder is almost dead.
Grinder hits you.
You die...

##...†...........#
.#####...#..##...#
..##........##....
#######.....##.##.##....
.......##...........#†.
#........####....#####
#.....#.....#..#...# #
#....5### #.....#..###
#....♣#######.........
#..."....#####.##...##
#######...##...##.#.##
#...........###...##
#.....P.PP.P.##.....
#.....P.P♣♣P.##.....
#.....♣.PP..........
#......._.P..#......
#..[.P♣...PP.#.## ##


You could see Grinder.

Vanquished Creatures
  3 adders
  A worm (D:2)
  A dart slug (D:3)
  7 bats
  3 endoplasms
  3 giant cockroaches
  5 goblins
  3 hobgoblins (D:1)
  3 jackals (D:2)
  4 quokkas
  3 ball pythons (D:2)
  5 frilled lizards
  6 kobolds
  7 rats
54 creatures vanquished.

Notes
Turn   | Place    | Note
-------+----------+-------------------------------------------
     0 | D:1      | cforsyth the Vampire Shapeshifter began the quest for the
                  | Orb.
     0 | D:1      | Reached XP level 1. HP: 16/16 MP: 1/1
   196 | D:1      | Reached XP level 2. HP: 13/22 MP: 2/2
   689 | D:2      | Gained mutation: You are afflicted with vampirism and can
                  | become a bat while bloodless. [Vampire growth]
   689 | D:2      | Reached XP level 3. HP: 22/27 MP: 3/3
  1272 | D:3      | Reached XP level 4. HP: 34/34 MP: 4/4
  1515 | D:3      | Found a faded altar of an unknown god.
  1520 | D:3      | Noticed Grinder
  1538 | D:3      | Paralysed by Grinder for 5 turns
  1544 | D:3      | Slain by Grinder

Illustrated notes

Levels and vault maps discovered:
D:1:      amcnicky_arrival_underground_garden, layout_basic, minmay_tetromino_t4
D:2:      layout_rooms, kennysheep_cross_bottleneck
D:3:      layout_rooms, dreamdust_ecumenical_altar_grove, uniq_grinder

Skill      XL: |  1  2  3 |
---------------+----------+-----
Fighting       | 2 |  2.5
Unarmed Combat | 3 |  3.1
Dodging        | 3 |  3.1
Shapeshifting  | |  3.9

Action                     |  1- 3 |  4- 6 || total
---------------------------+-------+-------++-------
  Melee: Unarmed           |   114 |    34 ||   148
         Punch             |     4 |     2 ||     6
         Bite              |     7 |     1 ||     8
    Use: Potion            |       |     1 ||     1
   Stab: Sleeping          |     3 |       ||     3
 Armour: Animal skin       |    20 |     3 ||    23
         Skin              |       |     7 ||     7
  Dodge: Dodged            |    86 |    15 ||   101

Table legend: (Time is in decaauts)
 A = Elapsed time spent in this place.
 B = Non-inter-level travel time spent in this place.
 C = Inter-level travel time spent in this place.
 D = Time resting spent in this place.
 E = Time spent auto-exploring this place.
 F = Levels seen in this place.
 G = Mean time per level.
                   A        B        C        D        E       F      G
               +--------+--------+--------+--------+--------+-----+--------+
         Total |   1536 |   1466 |     70 |      0 |   1140 |   3 |  512.0 |
       Dungeon |   1536 |   1466 |     70 |      0 |   1140 |   3 |  512.0 |
               +--------+--------+--------+--------+--------+-----+--------+

Top non-repeatable levels by time:
     D:1: 671 daAuts
     D:2: 586 daAuts
     D:3: 279 daAuts
